 Dungeon Crawl Stone Soup version 0.28-a0-1159-g27aa881441 (webtiles) character file.

Game seed: 9198097902915722730

10 ders the Caller (level 2, -2/11 HPs)
             Began as a Felid Summoner on Dec 15, 2021.
             Slain by a kobold (4 damage)
             ... on level 1 of the Dungeon.
             The game lasted 00:01:16 (229 turns).

ders the Caller (Felid Summoner)                     Turns: 229, Time: 00:01:16

Health: -2/11      AC:  1    Str:  4    XL:     2   Next: 10%
Magic:  1/6        EV: 17    Int: 16    God:
Gold:   17         SH:  0    Dex: 16    Spells: 4/5 levels left
                                        Lives:  0   Deaths: 0

rFire   . . .      SeeInvis +   (weapon unavailable)
rCold   . . .      Faith    .   (shield unavailable)
rNeg    . . .      Spirit   .   (armour unavailable)
rPois   .          Reflect  .   (helmet unavailable)
rElec   .          Harm     .   (cloak unavailable)
rCorr   .          Rampage  .   (gloves unavailable)
Will    .....                   (boots unavailable)
Stlth   ++........              (no amulet)
HPRegen 0.03/turn               (no ring)
MPRegen 0.10/turn               (no ring)

@: quick
A: very small, claws 1, fangs 3, see invisible, speed 1, shaggy fur 1, stealthy
paws, no weapons or thrown items, no armour, multi-lived
a: no special abilities


You were on level 1 of the Dungeon.
You visited 1 branch of the dungeon, and saw 1 of its levels.

You collected 17 gold pieces.

Inventory:

Scrolls
 b - a scroll of amnesia {unknown}
Potions
 a - a potion of heal wounds {unknown}


   Skills:
 + Level 3.1 Dodging
 - Level 2.6 Stealth
 + Level 2.2 Spellcasting
 + Level 4.1 Summonings


You had 4 spell levels left.
You knew the following spells:

 Your Spells              Type           Power      Damage    Failure   Level
a - Summon Small Mammal   Summ           60%        N/A       3%          1

Your spell library contained the following spells:

 Spells                   Type           Power      Damage    Failure   Level
 Call Imp                 Summ           15%        N/A       5%          2
 Call Canine Familiar     Summ           15%        N/A       11%         3
 Summon Guardian Golem    Hex/Summ       8%         N/A       26%         3
 Summon Lightning Spire   Summ/Air       8%         N/A       65%         4


Dungeon Overview and Level Annotations

Branches:
Dungeon (1/15)

Altars:


Innate Abilities, Weirdness & Mutations

You have sharp claws.
You have razor-sharp teeth.
You have supernaturally acute eyesight. (SInv)
You cover ground quickly. (Speed+)
You are covered in fur. (AC +1)
Your paws help you pounce on unaware monsters.
You are incapable of wielding weapons or throwing items.
You cannot wear armour.
You gain extra lives every three experience levels.


Message History

Your bat closely misses the hobgoblin.
The hobgoblin hits your bat.
Your bat dies!
Your bat's corpse disappears in a puff of smoke!
You scratch the hobgoblin.
You kill the hobgoblin!
You have reached level 2!
You swap places.
You swap places.
You swap places.
The goblin hits you with a +0 dagger.
You scratch the goblin.
The goblin is heavily wounded.
The goblin completely misses you.
You swap places.
Your quokka misses the goblin.
The goblin hits your quokka but does no damage.
Your quokka bites the goblin.
The goblin dies!
You see here a hobgoblin corpse.
The kobold throws a stone.
The stone hits your quokka but does no damage.
Your quokka barely misses the kobold.
The kobold throws a stone.
The stone hits your quokka.
Your quokka dies!
Your quokka's corpse disappears in a puff of smoke!
You see here a hobgoblin corpse.
The kobold throws a stone.
The stone misses you.
Casting: Summon Small Mammal (safe; 3% risk of failure)
Confirm with . or Enter, or press ? or * to list all spells.
The kobold throws a stone.
The stone hits your bat.
Your bat hits the kobold but does no damage.
Your bat barely misses the kobold.
The kobold throws a stone.
The stone barely misses your bat. The stone misses you.
Unknown command.
You swap places.
The kobold hits you with a +0 short sword.
* * * LOW HITPOINT WARNING * * *
Things that are here:
a +0 dagger; a hobgoblin corpse You closely miss the kobold.
The kobold hits you with a +0 short sword.
You die...

#.§K$...#
#.....g.###
#.........#
##.......#.#
.........#.##
#...........#####
.####........g...#
## #..###...###K#
.# #.. ##.## #@#
## #.. #.# #b# .#
#.. #.# #.# ## ...
..# #†# .# .# .##
### #.# ##... ..#
#.# .##.# #.# #.#
###.#.#.# #.#
.##.#.#.########.#


You could see a kobold (ally target) and a friendly bat (summoned).

Vanquished Creatures
  A hobgoblin (D:1)
1 creature vanquished.

Vanquished Creatures (collateral kills)
  3 goblins (D:1)
  2 hobgoblins (D:1)
  2 frilled lizards (D:1)
  A rat (D:1)
8 creatures vanquished.

Grand Total: 9 creatures vanquished

Notes
Turn   | Place    | Note
-------+----------+-------------------------------------------
     0 | D:1      | ders the Felid Summoner began the quest for the Orb.
     0 | D:1      | Reached XP level 1. HP: 7/7 MP: 4/4
   215 | D:1      | Reached XP level 2. HP: 11/11 MP: 0/6
   229 | D:1      | Slain by a kobold

Illustrated notes

Levels and vault maps discovered:
D:1:      co_arrival_square_in_a_square_in_a_square, layout_loops_ring

Skill      XL: |  1 |
---------------+----+-----
Dodging        | 3 |  3.1
Stealth        | |  2.6
Spellcasting   | |  2.2
Summonings     | |  4.1

Action                   || total
-------------------------++-------
Melee: Unarmed           ||     3
 Cast: Summon Small Mamm ||    16
Dodge: Dodged            ||     8

Table legend: (Time is in decaauts)
 A = Elapsed time spent in this place.
 B = Non-inter-level travel time spent in this place.
 C = Inter-level travel time spent in this place.
 D = Time resting spent in this place.
 E = Time spent auto-exploring this place.
 F = Levels seen in this place.
 G = Mean time per level.
                   A        B        C        D        E       F      G
               +--------+--------+--------+--------+--------+-----+--------+
         Total |    208 |    208 |      0 |      0 |    114 |   1 |  208.0 |
       Dungeon |    208 |    208 |      0 |      0 |    114 |   1 |  208.0 |
               +--------+--------+--------+--------+--------+-----+--------+

Top non-repeatable levels by time:
     D:1: 208 daAuts
